 Dungeon Crawl Stone Soup version 0.21.1-1-g345015f (webtiles) character file.

30017 minmale the Severer (level 13, -4/122 HPs)
             Began as a Minotaur Berserker on Apr 27, 2018.
             Was a High Priest of Trog.
             Slain by a ten-headed hydra (7 damage)
             ... on level 5 of the Lair of Beasts.
             The game lasted 00:34:39 (24378 turns).

minmale the Severer (Minotaur Berserker)           Turns: 24378, Time: 00:34:40

Health: -4/122     AC: 15    Str: 26    XL:     13   Next: 18%
Magic:  4/4        EV: 10    Int:  4    God:    Trog [*****.]
Gold:   1110       SH:  0    Dex: 11    Spells: 12/12 levels left

rFire    . . .     SeeInvis .   L - +2 executioner's axe (antimagic)
rCold    . . .     Gourm    .   (shield currently unavailable)
rNeg     . . .     Faith    .   O - +0 plate armour
rPois    .         Spirit   .   (helmet restricted)
rElec    .         Reflect  .   (no cloak)
rCorr    .         Harm     .   (no gloves)
MR       .....                  (no boots)
Stlth    ..........             (no amulet)
HPRegen  0.30/turn              (no ring)
MPRegen  0.09/turn              (no ring)

@: lethally poisoned (-4 -> -5)
A: retaliatory headbutt, horns 2
a: Berserk, Trog's Hand, Brothers in Arms, Burn Spellbooks, Renounce Religion


You were on level 5 of the Lair of Beasts.
You worshipped Trog.
Trog was extremely pleased with you.
You were near starving.

You visited 2 branches of the dungeon, and saw 17 of its levels.

You collected 1110 gold pieces.

Inventory:

Hand Weapons
 a - a +0 hand axe
 A - a -2 hand axe
 L - a +2 antimagic executioner's axe (weapon)
 Y - a +0 battleaxe of freezing
Armour
 b - a +0 animal skin
 t - a +0 ring mail
 M - a +0 pair of gloves
 O - a +0 plate armour (worn)
Jewellery
 w - a +6 ring of strength {unknown}
 H - a cursed amulet of inaccuracy {unknown}
 K - an uncursed ring of stealth {unknown}
 N - an uncursed ring of positive energy {unknown}
 P - an uncursed ring of flight {unknown}
 S - the amulet "Boygankusaa" {Spirit *Drain rElec rN+ Dex+3, unknown}
   (You found it on level 3 of the Lair of Beasts)

   [amulet of guardian spirit]

   It causes incoming damage to be split between your health and magic.
   It affects your dexterity (+3).
   It insulates you from electricity.
   It protects you from negative energy.
   It causes draining when unequipped.
 X - an uncursed ring of resist corrosion {unknown}
 Z - an uncursed ring of poison resistance {unknown}
Wands
 j - a wand of random effects (44)
 G - a wand of disintegration (25)
 R - a wand of enslavement (26)
 U - a wand of acid (9)
 W - a wand of flame (39)
Scrolls
 d - 5 scrolls of remove curse
 e - 12 scrolls of identify
 f - 4 scrolls of amnesia {unknown}
 g - 4 scrolls of random uselessness
 l - 4 scrolls of magic mapping {unknown}
 m - 2 scrolls of fog
 o - 11 scrolls of teleportation
 q - 5 scrolls of immolation
 r - 3 scrolls of enchant weapon {unknown}
 v - a scroll of summoning {unknown}
 y - 2 scrolls of fear {unknown}
 z - 7 scrolls of blinking
 B - a scroll of vulnerability {unknown}
 C - a scroll of holy word {unknown}
 D - 3 scrolls of enchant armour {unknown}
 T - a scroll of brand weapon {unknown}
Potions
 h - 2 potions of might
 i - a potion of heal wounds
 k - 3 potions of berserk rage {unknown}
 n - 10 potions of curing {unknown}
 p - 4 potions of brilliance {unknown}
 s - 3 potions of haste {unknown}
 u - 5 potions of degeneration {unknown}
 x - 2 potions of flight {unknown}
 E - a potion of magic {unknown}
 F - 6 potions of lignification {unknown}
 I - 2 potions of agility {unknown}
 V - a potion of mutation {unknown}
Books
 J - a book of Maledictions

   Spells                             Type                      Level
   a - Corona                         Hexes                        1
   b - Ensorcelled Hibernation        Hexes/Ice                    2
   c - Confuse                        Hexes                        3
   d - Tukima's Dance                 Hexes                        3
   e - Dazzling Spray                 Conjuration/Hexes            3
   Trog disapproves of the use of such an item.
Miscellaneous
 Q - a box of beasts
Comestibles
 c - 24 rations


   Skills:
 + Level 13.5 Fighting
 * Level 18.0 Axes
 - Level 11.6 Armour
 + Level 7.0 Dodging


You had 12 spell levels left.
You didn't know any spells.

Dungeon Overview and Level Annotations

Branches:
Dungeon (11/15)            Temple (0/1) D:5            Lair (6/6) D:8
  Swamp (0/4) Lair:3       Spider (0/4) Lair:3        Slime (0/5) Lair:5
    Orc (0/2) D:9

Altars:
Cheibriados
Dithmenos
Fedhas
Makhleb
Nemelex Xobeh
Ru
Sif Muna
Trog
Uskayaw
Vehumet
Wu Jian
Xom
The Shining One
Jiyva

Shops:
D:4 ?   D:6 %   D:11 *

Annotations:
D:4 Swiffty123's ghost, novice GrFi
Lair:2 exclusion: 4 oklob plants


Innate Abilities, Weirdness & Mutations

You reflexively headbutt those who attack you in melee.
You have a pair of horns on your head.


Message History

The ten-headed hydra bites you.
* * * LOW HITPOINT WARNING * * *
The ten-headed hydra bites you.
* * * LOW HITPOINT WARNING * * *
The ten-headed hydra bites you but does no damage.
The ten-headed hydra bites you.
* * * LOW HITPOINT WARNING * * *
The ten-headed hydra closely misses you.
The ten-headed hydra barely misses you.
The ten-headed hydra bites you but does no damage. x2
Your plate armour prevents you from hitting the ten-headed hydra.
The ten-headed hydra is almost dead.
You miss the blink frog.
You feel sick. The blink frog misses you. You furiously retaliate!
You headbutt the blink frog!
You kill the blink frog!
Trog accepts your kill. The ten-headed hydra bites you.
* * * LOW HITPOINT WARNING * * *
The ten-headed hydra bites you!
You die...

.....P##......P###.#.#..#.##...##
.##......).....................##
###..P.P..........P..#...........
#.....##.........##.##........##
##...##.#........#.###.........#
#...###..........##P.........##
####..##...........###.........#
#.#.............D§..P.........##
................@..P....##P##.#
..................P####.#####.###
.P##.........#.#..#####.P# #....#
###..........####...##...# #.....
#P........## #...####..# #P.##.
##........P# #..#.##...####..## #
##.........####...###..##.#.##
###.........#.#.#.####...###..#
..##..........#....#........#.#


You could see a ten-headed hydra.

Vanquished Creatures
  3 hydras
  A catoblepas (Lair:5)
  The ghost of minmale the Cleaver, a novice MiBe of Trog (D:8)
  Sonja (D:11)
  A fire crab (Lair:4)
  A deep elf mage (D:11)
  An ugly thing (D:11)
  An elephant (Lair:2)
  A black mamba (Lair:5)
  9 spiny frogs
  2 komodo dragons
  3 trolls
  2 polar bears
  A tyrant leech (Lair:3)
  A merfolk (D:9)
  7 dream sheep (Lair:5)
  6 blink frogs
  2 hippogriffs
  A wyvern (D:9)
  2 basilisks
  35 yaks
  A hungry ghost (D:8)
  A swamp worm (Lair:3)
  7 water moccasins
  8 porcupines
  2 sky beasts
  A phantom (D:7)
  2 orc warriors
  2 ice beasts (D:7)
  3 black bears
  2 eyes of draining
  33 wolves
  An ogre (D:11)
  A necrophage (D:7)
  5 centaurs
  12 crocodiles
  2 big kobolds
  10 bullfrogs
  7 scorpions
  16 wights
  11 killer bees
  4 howler monkeys
  10 crimson imps
  A bullfrog zombie (D:11)
  9 hounds
  8 orc priests
  2 jellies
  A quasit (D:9)
  A bullfrog skeleton (D:5)
  5 iguanas
  2 centaur skeletons
  Natasha (twice) (D:3)
  9 orc wizards
  5 hell rats (Lair:2)
  9 worker ants
  A hound zombie (D:6)
  A hound skeleton (D:8)
  4 worker ant zombies
  11 adders
  8 gnolls
  4 river rats (Lair:2)
  2 oozes
  3 adder skeletons
  2 dart slugs
  3 worms
  4 leopard geckos
  28 orcs
  9 bats
  5 giant cockroaches
  6 goblins
  4 hobgoblins
  10 jackals
  21 kobolds
  6 quokkas
  2 ball pythons
  8 frilled lizards
  A quokka skeleton (D:8)
  14 rats
  2 fungi
  4 plants
440 creatures vanquished.

Vanquished Creatures (collateral kills)
  A vampire (D:10)
  A wolf (Lair:1)
2 creatures vanquished.

Vanquished Creatures (others)
  3 fungi
  7 plants
10 creatures vanquished.

Grand Total: 452 creatures vanquished

Notes
Turn   | Place    | Note
-------+----------+-------------------------------------------
     0 | D:1      | minmale the Minotaur Berserker began the quest for the Orb.
     0 | D:1      | Reached XP level 1. HP: 19/19 MP: 0/0
    48 | D:1      | Reached skill level 4 in Axes
    63 | D:1      | Reached XP level 2. HP: 26/27 MP: 1/1
   327 | D:1      | Reached XP level 3. HP: 15/33 MP: 2/2
   677 | D:1      | Reached ** piety under Trog
   771 | D:2      | Found a shadowy altar of Dithmenos.
  1092 | D:2      | Reached skill level 5 in Axes
  1092 | D:2      | Reached XP level 4. HP: 26/40 MP: 3/3
  1562 | D:2      | Found a faded altar of an unknown god.
  2345 | D:3      | Reached XP level 5. HP: 24/47 MP: 4/4
  2750 | D:3      | Reached skill level 6 in Axes
  2768 | D:3      | Reached skill level 5 in Fighting
  2768 | D:3      | Reached XP level 6. HP: 20/56 MP: 5/5
  3260 | D:3      | Noticed Natasha
  3265 | D:3      | Killed Natasha
  3304 | D:3      | Noticed Natasha
  3310 | D:3      | Killed Natasha
  3748 | D:4      | Noticed Swiffty123's ghost (novice GrFi)
  3821 | D:4      | Reached *** piety under Trog
  3907 | D:4      | Reached skill level 7 in Axes
  3927 | D:4      | Found Leggepp's Magic Scroll Shop.
  3971 | D:4      | Found the +4 moon troll leather armour {Spirit, Regen++ MP+5}
  4253 | D:4      | Found a deep blue altar of Sif Muna.
  4259 | D:4      | Reached skill level 5 in Armour
  4259 | D:4      | Reached XP level 7. HP: 62/62 MP: 6/6
  4317 | D:5      | Entered Level 5 of the Dungeon
  4708 | D:5      | Reached skill level 8 in Axes
  5067 | D:5      | Found a staircase to the Ecumenical Temple.
  5523 | D:6      | Found a bloodstained altar of Trog.
  5528 | D:6      | Reached XP level 8. HP: 62/71 MP: 7/7
  5630 | D:6      | Found an ornate altar of the Wu Jian Council.
  5643 | D:6      | Found Hiej Jen's Food Emporium.
  5957 | D:7      | Reached skill level 9 in Axes
  6441 | D:7      | Reached skill level 10 in Axes
  6499 | D:7      | Reached **** piety under Trog
  6631 | D:7      | Noticed a hippogriff
  6645 | D:7      | Killed a hippogriff
  7178 | D:8      | Reached XP level 9. HP: 66/81 MP: 8/8
  7304 | D:8      | Noticed minmale's ghost (novice MiBe)
  7327 | D:8      | Killed minmale's ghost
  7327 | D:8      | Reached skill level 11 in Axes
  7662 | D:8      | Found a staircase to the Lair.
  8209 | D:8      | Reached skill level 12 in Axes
  8399 | D:8      | Found a burning altar of Makhleb.
  8930 | D:9      | Reached XP level 10. HP: 91/91 MP: 9/9
  9233 | D:9      | Reached ***** piety under Trog
  9278 | D:9      | Reached skill level 13 in Axes
  9280 | D:9      | Reached skill level 10 in Fighting
  9710 | D:9      | Found a staircase to the Orcish Mines.
 10241 | D:9      | Reached skill level 10 in Armour
 10478 | D:9      | Found an ornate altar of the Wu Jian Council.
 10481 | D:9      | Found a sparkling altar of Nemelex Xobeh.
 10486 | D:9      | Found a glowing golden altar of the Shining One.
 10488 | D:9      | Found a snail-covered altar of Cheibriados.
 10488 | D:9      | Found a shimmering altar of Xom.
 10489 | D:9      | Found a sacrificial altar of Ru.
 10490 | D:9      | Found a radiant altar of Vehumet.
 10491 | D:9      | Found a hide-covered altar of Uskayaw.
 10494 | D:9      | Found a blossoming altar of Fedhas.
 10525 | D:10     | Entered Level 10 of the Dungeon
 11052 | D:10     | Received a gift from Trog
 11103 | D:10     | Reached skill level 14 in Axes
 11804 | D:10     | Reached XP level 11. HP: 67/101 MP: 10/10
 12358 | D:11     | Noticed a green ugly thing
 12369 | D:11     | Killed a green ugly thing
 12787 | D:11     | Noticed Sonja
 12808 | D:11     | Killed Sonja
 13571 | D:11     | Found Purphux's General Store.
 13573 | D:11     | Noticed a deep elf mage
 13583 | D:11     | Killed a deep elf mage
 13583 | D:11     | Reached skill level 15 in Axes
 14303 | Lair:1   | Entered Level 1 of the Lair of Beasts
 16176 | Lair:1   | Received a gift from Trog
 16205 | Lair:1   | Reached XP level 12. HP: 28/112 MP: 3/11
 16208 | Lair:1   | Reached skill level 16 in Axes
 18801 | Lair:3   | Reached skill level 5 in Dodging
 19123 | Lair:3   | Reached skill level 17 in Axes
 20433 | Lair:3   | Got a warped platinum amulet
 20632 | Lair:3   | Found a hole to the Spider Nest.
 20709 | Lair:3   | Found a staircase to the Swamp.
 21530 | Lair:4   | Noticed a five-headed hydra
 21540 | Lair:4   | Killed an eight-headed hydra
 22270 | Lair:4   | Noticed a five-headed hydra
 22277 | Lair:4   | Killed a seven-headed hydra
 22855 | Lair:5   | Noticed a four-headed hydra
 22866 | Lair:5   | Killed an eight-headed hydra
 22870 | Lair:5   | Received a gift from Trog
 23052 | Lair:5   | Reached XP level 13. HP: 122/122 MP: 4/12
 23405 | Lair:5   | Found a staircase to the Slime Pits.
 23405 | Lair:5   | Found a viscous altar of Jiyva.
 23799 | Lair:5   | Reached skill level 18 in Axes
 24364 | Lair:6   | Entered Level 6 of the Lair of Beasts
 24378 | Lair:5   | HP: 3/122 [ten-headed hydra (4)]
 24378 | Lair:5   | Slain by a ten-headed hydra

Skill      XL: |  1  2  3  4  5  6  7  8  9 10 11 12 13 |
---------------+----------------------------------------+-----
Axes           | 4 5 6 7 8 10 12 14 15 17 18 | 18.0
Fighting       | 4 5 6 7 9 10 12 13 | 13.5
Armour         | 3 4 5 6 7 8 10 11 | 11.6
Dodging        | 6 7 |  7.0

Action                   |  1- 3 |  4- 6 |  7- 9 | 10-12 | 13-15 || total
-------------------------+-------+-------+-------+-------+-------++-------
Melee: Hand axe          |    64 |   164 |   332 |   559 |       ||  1119
       Headbutt          |     5 |    25 |    80 |   169 |    12 ||   291
       Executioner's axe |       |       |       |   212 |    66 ||   278
Invok: Berserk           |     2 |     5 |     8 |    32 |     2 ||    49
       Trog's Hand       |       |     1 |       |     2 |       ||     3
       Brothers in Arms  |       |       |       |     3 |       ||     3
  Use: Scroll            |       |       |     4 |     4 |       ||     8
       Potion            |       |       |       |     3 |       ||     3
 Stab: Distracted        |       |       |       |     1 |       ||     1
  Eat: Chunk             |     1 |    16 |     8 |    35 |     4 ||    64
       Ration            |       |       |     4 |    13 |       ||    17
Armor: Animal skin       |    11 |    12 |       |       |       ||    23
       Ring mail         |       |    10 |    81 |   181 |       ||   272
       Plate armour      |       |       |       |    41 |    55 ||    96
Dodge: Dodged            |    40 |   107 |   137 |   389 |    46 ||   719
